 Dungeon Crawl Stone Soup version 0.23.2-40-g277498a001 (webtiles) character file.

Game seed: 16312793934677384183

31 Kiporshnikov the Skirmisher (level 3, -4/29 HPs)
             Began as a Human Fighter on Oct 2, 2019.
             Was a Follower of Elyvilon.
             Killed from afar by Blork the orc (10 damage)
             ... with a puff of flame
             ... on level 4 of the Dungeon.
             The game lasted 00:04:20 (1399 turns).

Kiporshnikov the Skirmisher (Human Fighter)         Turns: 1399, Time: 00:04:20

Health: -4/29      AC:  6    Str: 17    XL:     3   Next: 40%
Magic:  3/3        EV:  7    Int:  8    God:    Elyvilon [*.....]
Gold:   98         SH:  9    Dex: 12    Spells: 2/2 levels left

rFire    . . .     SeeInvis .   a - +0 long sword
rCold    . . .     Gourm    .   c - +0 shield
rNeg     . . .     Faith    .   b - +0 scale mail
rPois    .         Spirit   .   (no helmet)
rElec    .         Reflect  .   (no cloak)
rCorr    .         Harm     +   (no gloves)
MR       .....                  (no boots)
Stlth    ..........             k - amulet of harm
HPRegen  0.09/turn              (no ring)
MPRegen  0.08/turn              (no ring)

@: no status effects
A: no striking features
a: Lesser Healing, Divine Protection, Renounce Religion


You were on level 4 of the Dungeon.
You worshipped Elyvilon.
Elyvilon was aware of your devotion.
You were hungry.

You visited 1 branch of the dungeon, and saw 5 of its levels.

You collected 98 gold pieces.

Inventory:

Hand Weapons
 a - a +0 long sword (weapon)
Missiles
 l - a throwing net (quivered)
Armour
 b - a +0 scale mail (worn)
 c - a +0 shield (worn)
Jewellery
 k - an amulet of harm (around neck)
Scrolls
 e - a scroll of identify {unknown}
 g - a scroll of immolation {unknown}
 h - a scroll of fear {unknown}
 j - a scroll of blinking {unknown}
 m - a scroll of enchant armour {unknown}
 n - a scroll of amnesia {unknown}
Potions
 d - a potion of might
 i - a potion of invisibility {unknown}
Comestibles
 f - 2 rations


   Skills:
 + Level 3.3 Fighting
 + Level 2.5 Long Blades
 + Level 3.2 Armour
 + Level 0.2 Stealth
 + Level 3.3 Shields


You had 2 spell levels left.
You didn't know any spells.
Your spell library was empty.

Dungeon Overview and Level Annotations

Branches:
Dungeon (5/15)
 Temple: D:4-7

Altars:
Elyvilon
Sif Muna

Annotations:
D:4 Blork the orc


Message History

Blork the orc is moderately wounded.
Blork the orc barely misses you. x2
You hit Blork the orc.
Blork the orc is heavily wounded.
Blork the orc hits you with a +0 morningstar.
You slash Blork the orc!
Blork the orc is severely wounded.
Blork the orc hits you but does no damage.
You block Blork the orc's attack.
You barely miss Blork the orc.
Blork the orc is severely wounded.
Blork the orc completely misses you.
Blork the orc gestures at you while chanting.
The puff of flame hits you!
* * * LOW HITPOINT WARNING * * *
You closely miss Blork the orc.
Blork the orc is severely wounded.
Blork the orc gestures at you while chanting.
The puff of flame hits you!
You die...

###### #.o..# #.@..# #
#############'#### ..#
##....##....##..####...#
#.....<.....#..........#
#..)........#..........#
#####..##....##..####...#
.####..##....##'#####...#
...#..........#.........#
...#..........#.........#


You could see Blork the orc.

Vanquished Creatures
  A worm (D:2)
  A dart slug (D:2)
  A leopard gecko (D:3)
  3 bats
  2 giant cockroaches (D:2)
  2 goblins
  2 hobgoblins (D:1)
  2 jackals (D:1)
  3 kobolds
  2 frilled lizards (D:2)
  4 rats
  A plant (D:2)
24 creatures vanquished.

Notes
Turn   | Place    | Note
-------+----------+-------------------------------------------
     0 | D:1      | Kiporshnikov the Human Fighter began the quest for the Orb.
     0 | D:1      | Reached XP level 1. HP: 18/18 MP: 1/1
    96 | D:1      | Reached XP level 2. HP: 9/24 MP: 2/2
    98 | D:1      | HP: 1/24 [hobgoblin/+0 club (3)]
   610 | D:2      | Reached XP level 3. HP: 26/29 MP: 3/3
   687 | D:2      | Found a white marble altar of Elyvilon.
   884 | D:2      | Became a worshipper of Elyvilon the Healer
   983 | D:3      | Found a deep blue altar of Sif Muna.
  1382 | D:4      | Reached * piety under Elyvilon
  1386 | D:5      | Entered Level 5 of the Dungeon
  1386 | D:5      | Noticed Blork the orc
  1399 | D:4      | Killed from afar by Blork the orc

Action                   || total
-------------------------++-------
Melee: Long sword        ||   122
  Eat: Chunk             ||     1
Armor: Scale mail        ||    39
Dodge: Dodged            ||    29
Block: Shield            ||    46
       Rpst.: Long sword ||    10
